 Dungeon Crawl Stone Soup version 0.19-a0-1893-ge087f11 (webtiles) character file.

21 yesno the Vexing (level 3, -24/26 HPs)
             Began as a Formicid Wanderer on Dec 8, 2016.
             Killed themself with a badly aimed bolt of negative energy (25 damage)
             ... on level 2 of the Dungeon.
             The game lasted 00:06:54 (783 turns).

yesno the Vexing (Formicid Wanderer)                 Turns: 783, Time: 00:06:55

Health: -24/26     AC:  3    Str: 20    XL:     3   Next: 5%
Magic:  2/4        EV: 11    Int: 12    God:
Gold:   58         SH:  0    Dex: 11    Spells: 0/4 levels left

rFire  . . .     SeeInvis +     e - +0 club
rCold  . . .     Faith    .     d - +0 robe
rNeg   . . .     Spirit   .     (no shield)
rPois  .         Reflect  .     (helmet unavailable)
rElec  .                        j - +0 cloak
rCorr  .                        (no gloves)
MR     .....                    (no boots)
Stlth  +.........               (no amulet)
                                (no ring)
                                (no ring)

@: mighty, lethally poisoned (-24 -> -28), flying, drained
A: permanent stasis, dig shafts and tunnels, four strong arms, antennae 3
a: Dig, Shaft Self


You were on level 2 of the Dungeon.
You were not hungry.

You visited 1 branch of the dungeon, and saw 2 of its levels.

You collected 58 gold pieces.

Inventory:

Hand Weapons
 e - a +0 club (weapon)
Armour
 d - a +0 robe (worn)
 j - a +0 cloak (worn)
Jewellery
 m - a +2 amulet of reflection {unknown}
Wands
 l - a wand of random effects (24/48)
Scrolls
 g - a scroll of remove curse {unknown}
 k - a scroll of enchant armour {unknown}
Potions
 h - 2 potions of flight
Books
 a - a book of Maledictions

   Spells                             Type                      Level
   a - Corona                         Hexes                        1
   b - Ensorcelled Hibernation        Hexes/Ice                    2
   c - Confuse                        Hexes                        3
   d - Tukima's Dance                 Hexes                        3
   e - Dazzling Spray                 Conjuration/Hexes            3
 b - the Tome of the Oath

   Spells                             Type                      Level
   a - Corona                         Hexes                        1
   b - Spectral Weapon                Hexes/Charms                 3
 c - the Guide on Air

   Spells                             Type                      Level
   a - Shock                          Conjuration/Air              1
   b - Static Discharge               Conjuration/Air              3


   Skills:
 + Level 1.4(0.9) Fighting
 - Level 0.4(0.0) Maces & Flails
 - Level 0.3(0.0) Dodging
 - Level 0.6(0.1) Stealth
 - Level 1.2(0.6) Shields
 - Level 1.1(0.5) Spellcasting
 + Level 2.9(2.4) Hexes
 - Level 2.0(1.4) Necromancy
 - Level 2.4(1.8) Air Magic
 - Level 1.2(0.6) Evocations


You couldn't memorise any spells.
You knew the following spells:

 Your Spells              Type           Power        Failure   Level  Hunger
a - Corona                Hex            #......      12%         1    ##.....
b - Confuse               Hex            #.......     34%         3    ####...


Dungeon Overview and Level Annotations

Branches:
Dungeon (2/15)
   Lair: D:-1         Crypt: Vaults:-1     Tomb: Vaults:-1

Altars:
Xom


Innate Abilities, Weirdness & Mutations

You are under a permanent stasis effect.
You can dig through walls and to a lower floor.
Your four strong arms can wield two-handed weapons with a shield.
You have a pair of large antennae on your head. (SInv)


Message History

The adder closely misses you.
You barely miss the adder.
The adder is severely wounded.
* * * LOW HITPOINT WARNING * * *
You feel sick. The adder barely misses you. The adder misses you.
You take 1 damage, and have 4/26 hp.
You closely miss the adder.
The adder is severely wounded.
The adder bites you (4).
* * * LOW HITPOINT WARNING * * *
The adder closely misses you.
You take 3 damage, and have 1/26 hp.
Okay, then.
Evoke which item? (* to show all) (? for menu, Esc to quit)
Zapping:
l - a wand of random effects (will waste charges)
Press: ? - help, Shift-Dir - straight line, f - you, p - adder Really target yourself?
The bolt of negative energy hits you!
You feel drained.
Ouch! That really hurt!
You die...

#.# #...
#..........#
..#
####.##.##.#
#. # ##.##.#
#.#..##.#
#.#.###.# ####
#.......# ...
###.#####
...###S#####.#
.......@.....#
#.####.#######
#. .. ###


You could see an adder.

Vanquished Creatures
  A leopard gecko (D:1)
  3 bats (D:2)
  2 giant cockroaches
  A goblin (D:2)
  2 hobgoblins (D:1)
  3 jackals (D:1)
  2 kobolds
  4 rats
18 creatures vanquished.

Notes
Turn   | Place    | Note
-------+----------+-------------------------------------------
     0 | D:1      | yesno the Formicid Wanderer began the quest for the Orb.
     0 | D:1      | yesno set off with: a book of Maledictions, the Tome of the Oath, the Guide on Air, a +0 robe, a +0 club
     0 | D:1      | Reached XP level 1. HP: 13/13 MP: 2/2
     0 | D:1      | Identified the Tome of the Oath
     0 | D:1      | Identified the Guide on Air
     2 | D:1      | Learned a level 1 spell: Corona
    77 | D:1      | Reached XP level 2. HP: 20/20 MP: 3/3
   225 | D:1      | Reached skill level 1 in Fighting
   476 | D:2      | Found a shimmering altar of Xom.
   688 | D:2      | Reached XP level 3. HP: 26/26 MP: 4/4
   693 | D:2      | Learned a level 3 spell: Confuse
   782 | D:2      | HP: 1/26 [adder (4)]
   783 | D:2      | Killed themself with a badly aimed bolt of negative energy

Vault maps used:
D:1:      eino_arrival_water_star
D:2:      xom_butterflies

Skill      XL: |  1  2 |
---------------+-------+-----
Fighting       | 1 |  1.4
Maces & Flails | |  0.4
Dodging        | |  0.3
Stealth        | |  0.6
Shields        | |  1.2
Spellcasting   | |  1.1
Hexes          | |  2.9
Necromancy     | |  2.0
Air Magic      | |  2.4
Evocations     | |  1.2

Action                   || total
-------------------------++-------
Melee: Club              ||    72
 Cast: Confuse           ||     1
  Use: Potion            ||     4
 Stab: Sleeping          ||     2
Armor: Robe              ||    20
Dodge: Dodged            ||    65
